 Dungeon Crawl Stone Soup version 0.30-a0-918-g0ff054e9dc (webtiles) character file.

Game seed: 17657038220438333967

730 cforsyth the Trooper (level 8, -2/62 HPs)
             Began as a Human Fighter on Mar 21, 2023.
             Slain by Menkaure (7 damage)
             ... on level 4 of the Dungeon.
             The game lasted 00:05:23 (4075 turns).

cforsyth the Trooper (Human Fighter)                Turns: 4075, Time: 00:05:23

Health: -2/62      AC: 11    Str: 19    XL:     8   Next: 3%
Magic:  8/8        EV:  7    Int:  9    God:
Gold:   213        SH:  5    Dex: 12    Spells: 7/7 levels left

rFire   . . .      SeeInvis +    a - +0 flail
rCold   . . .      Faith    .    c - +0 buckler
rNeg    . . .      Spirit   .    y - +0 chain mail
rPois   .          Reflect  .    p - +0 helmet
rElec   .          Rampage  .    (no cloak)
rCorr   .                        (no gloves)
Will    +....                    (no boots) Stlth
                                 (no amulet)
HPRegen 0.30/turn                e - ring of willpower
MPRegen 0.11/turn                u - ring of see invisible

@: no status effects
A: no striking features
a: no special abilities


You were on level 4 of the Dungeon.
You visited 1 branch of the dungeon, and saw 4 of its levels.

You collected 213 gold pieces.

Inventory:

Hand Weapons
 a - a +0 flail (weapon)
Armour
 b - a +0 scale mail
 c - a +0 buckler (worn)
 p - a +0 helmet (worn)
 y - a +0 chain mail (worn)
Jewellery
 e - a ring of willpower (left hand)
 n - a +6 ring of intelligence
 q - a +6 ring of intelligence
 u - a ring of see invisible (right hand)
 w - a ring of poison resistance
Scrolls
 f - 4 scrolls of teleportation
 g - a scroll of identify
 l - 2 scrolls of fog {unknown}
 m - a scroll of amnesia {unknown}
 o - a scroll of enchant armour {unknown}
 r - a scroll of enchant weapon {unknown}
Potions
 d - 2 potions of might
 h - a potion of resistance
 k - 6 potions of curing
 s - a potion of flight {unknown}
 t - 2 potions of heal wounds
 v - a potion of invisibility {unknown}
 x - 2 potions of magic {unknown}


   Skills:
 + Level 5.1 Fighting
 + Level 4.4 Maces & Flails
 + Level 5.1 Armour
 + Level 5.0 Shields


You had 7 spell levels left.
You didn't know any spells.
Your spell library contained the following spells:

 Spells                   Type           Power      Damage    Failure   Level
 Freeze                   Ice            0%         1d3       99%         1
 Blink                    Tloc           0%         N/A       100%        2
 Lesser Beckoning         Tloc           0%         N/A       100%        2
 Momentum Strike          Conj/Tloc      0%         3d8       100%        2
 Frozen Ramparts          Ice            0%         1d1       100%        3
 Hailstorm                Conj/Ice       0%         3d3       100%        3


Dungeon Overview and Level Annotations

Branches:
Dungeon (4/15)
 Temple: D:4-7

Altars:

Annotations:
D:4 Menkaure


Message History

Found a short sword.
Menkaure and an adder come into view.
Menkaure shouts!
The adder hisses angrily.
You barely miss the adder. The adder bites you but does no damage.
Menkaure points at you and mumbles some strange words.
You resist with some effort. The adder bites you.
You sock the adder!
You kill the adder!
You barely miss Menkaure. Menkaure hits you but does no damage.
You sock Menkaure!
Menkaure is moderately damaged.
Menkaure closely misses you.
You thump Menkaure!
Menkaure is severely damaged.
Menkaure calls on the powers of darkness!
Your body is wracked with pain!
A mummy comes into view.
You barely miss Menkaure.
Menkaure is severely damaged.
Menkaure casts a spell.
Menkaure seems to speed up.
You barely miss Menkaure.
Menkaure is severely damaged.
Menkaure closely misses you. You block Menkaure's attack.
You hit Menkaure but do no damage.
Menkaure is severely damaged.
Menkaure calls on the powers of darkness!
Your body is wracked with pain!
* * * LOW HITPOINT WARNING * * *
You hit Menkaure.
Menkaure is severely damaged.
Menkaure whispers, "It doesn't hurt if you pull your brain out of your nose yourself."
Menkaure gestures at you while chanting.
Pain shoots through your body!
* * * LOW HITPOINT WARNING * * *
Menkaure hits you but does no damage.
You hit Menkaure.
Menkaure is almost destroyed.
Menkaure hits you!
You die...

..........##
.....#...## ....##..##
....##..##
..>...#..############
....#.#.÷.....#.....##
...................).##
....#...........†.....#
....#...........@.....#
#####............M....#
#..................#
#..#................#
..#####...M.###.....#
... #.....# ....##
#..... ...## .... #.##


You could see Menkaure (fast) and a mummy.

Vanquished Creatures
  Sigmund (D:3)
  3 scorpions (D:4)
  A jelly (D:3)
  An orc priest (D:4)
  Jessica (D:2)
  2 orc wizards (D:3)
  2 iguanas (D:4)
  Robin (D:2)
  8 adders
  2 worms
  5 dart slugs
  6 orcs (D:3)
  6 endoplasms
  4 giant cockroaches
  11 goblins
  7 hobgoblins
  6 jackals
  9 quokkas
  5 ball pythons
  9 bats
  6 frilled lizards
  6 kobolds
  3 rats
105 creatures vanquished.

Notes
Turn   | Place    | Note
-------+----------+-------------------------------------------
     0 | D:1      | cforsyth the Human Fighter began the quest for the Orb.
     0 | D:1      | Reached XP level 1. HP: 18/18 MP: 1/1
    57 | D:1      | Reached XP level 2. HP: 21/24 MP: 2/2
   230 | D:1      | Reached XP level 3. HP: 29/29 MP: 3/3
   779 | D:2      | Noticed Robin
  1003 | D:2      | Killed Robin
  1004 | D:2      | Reached XP level 4. HP: 35/35 MP: 4/4
  1332 | D:2      | Noticed Jessica
  1340 | D:2      | Killed Jessica
  1341 | D:2      | Reached XP level 5. HP: 24/42 MP: 5/5
  2320 | D:3      | Reached XP level 6. HP: 9/48 MP: 6/6
  2761 | D:3      | Noticed Sigmund
  2776 | D:3      | Killed Sigmund
  2777 | D:3      | Reached XP level 7. HP: 48/55 MP: 7/7
  3745 | D:4      | Reached skill level 5 in Fighting
  3745 | D:4      | Reached skill level 5 in Armour
  3745 | D:4      | Reached skill level 5 in Shields
  3759 | D:4      | Reached XP level 8. HP: 43/62 MP: 8/8
  4062 | D:4      | Noticed Menkaure
  4075 | D:4      | Slain by Menkaure

Illustrated notes

Levels and vault maps discovered:
D:1:      lightli_arrival_boilingwater, layout_rooms, amcnicky_mini_pool_small,
          minmay_cupped
D:2:      layout_basic, supply_closet_lemuel, uniq_robin, uniq_jessica
D:3:      layout_basic, uniq_sigmund
D:4:      layout_rooms, slow_altar_1, uniq_menkaure

Skill      XL: |  1  2  3  4  5  6  7 |
---------------+----------------------+-----
Maces & Flails | 3 4 |  4.4
Armour         | 4 5 |  5.1
Fighting       | 4 5 |  5.1
Shields        | 4 5 |  5.0

Action                     |  1- 3 |  4- 6 |  7- 9 || total
---------------------------+-------+-------+-------++-------
  Melee: Flail             |    97 |   204 |   137 ||   438
    Use: Scroll            |       |       |     6 ||     6
         Potion            |       |       |     2 ||     2
 Armour: Scale mail        |    62 |   131 |       ||   193
         Chain mail        |       |       |    66 ||    66
  Dodge: Dodged            |    60 |   134 |    52 ||   246
  Block: Buckler           |    37 |    55 |    27 ||   119

Table legend: (Time is in decaauts)
 A = Elapsed time spent in this place.
 B = Non-inter-level travel time spent in this place.
 C = Inter-level travel time spent in this place.
 D = Time resting spent in this place.
 E = Time spent auto-exploring this place.
 F = Levels seen in this place.
 G = Mean time per level.
                   A        B        C        D        E       F      G
               +--------+--------+--------+--------+--------+-----+--------+
         Total |   4200 |   4015 |    185 |    450 |   2576 |   4 | 1050.0 |
       Dungeon |   4200 |   4015 |    185 |    450 |   2576 |   4 | 1050.0 |
               +--------+--------+--------+--------+--------+-----+--------+

Top non-repeatable levels by time:
     D:3: 1227 daAuts
     D:2: 1204 daAuts
     D:1: 907 daAuts
     D:4: 860 daAuts
